 Dungeon Crawl Stone Soup version 0.23.3-3-gaaff5abdbf (webtiles) character file.

Game seed: 18143662742005977287

43220 MordorOrchid the Spear-Bearer (level 13, -3/107 HPs)
             Began as a Minotaur Summoner on June 8, 2020.
             Was the Champion of Cheibriados.
             Engulfed by a cloud of steam (7 damage)
             ... on level 1 of the Shoals.
             The game lasted 01:29:53 (14073 turns).

MordorOrchid the Spear-Bearer (Minotaur Summoner)  Turns: 14073, Time: 01:29:55

Health: -3/107     AC: 15    Str: 29    XL:     13   Next: 89%
Magic:  31/31      EV: 19    Int: 31    God:    Cheibriados [******]
Gold:   1330       SH:  8    Dex: 26    Spells: 7/25 levels left

rFire    . . .     SeeInvis .   p - +4 spear "Jeshev" {drain, *Contam rC+ rN+ MR+}
rCold    + . .     Gourm    .   M - +0 buckler
rNeg     + . .     Faith    .   L - +0 scale mail
rPois    +         Spirit   .   s - +0 hat {MR+}
rElec    .         Reflect  +   H - +2 cloak
rCorr    .         Harm     .   K - +0 pair of gloves (curse)
MR       ++...                  y - +0 pair of boots
Stlth    +.........             T - +2 amulet of reflection
HPRegen  0.27/turn              g - ring of magical power
MPRegen  0.22/turn              J - ring of poison resistance

@: very slow
A: retaliatory headbutt, horns 2
a: Bend Time, Temporal Distortion, Slouch, Step From Time, Renounce Religion


You were on level 1 of the Shoals.
You worshipped Cheibriados.
Cheibriados was exalted by your worship.
You were not hungry.

You visited 4 branches of the dungeon, and saw 21 of its levels.

You collected 1330 gold pieces.

Inventory:

Hand Weapons
 e - a +1 demon trident of draining
 p - the +4 spear "Jeshev" (weapon) {drain, *Contam rC+ rN+ MR+}
   (You found it on level 2 of the Dungeon)

   A truly terrible weapon, it drains the life of those it strikes.
   It protects you from cold.
   It protects you from negative energy.
   It affects your resistance to hostile enchantments.
   It causes magical contamination when unequipped.
 E - the +8 rapier of Locsuawa {freeze, rPois rC++ Str-4 Dex+4}
   (You found it on level 5 of the Dungeon)

   It has been specially enchanted to freeze those struck by it, causing extra
   injury to most foes and up to half again as much damage against particularly
   susceptible opponents.
   It can also slow down cold-blooded creatures.
   It affects your strength (-4).
   It affects your dexterity (+4).
   It greatly protects you from cold.
   It protects you from poison.
 Q - a +5 trident of piercing
 Y - a +0 blowgun
Missiles
 a - 22 tomahawks (quivered)
 b - a throwing net
 D - 4 javelins
Armour
 s - a +0 hat of magic resistance (worn)
 y - a +0 pair of boots (worn)
 H - a +2 cloak (worn)
 K - a cursed +0 pair of gloves (worn)
 L - a +0 scale mail (worn)
 M - a +0 buckler (worn)
 S - a +2 chain mail of fire resistance
Jewellery
 g - a ring of magical power (left hand)
 r - an uncursed ring of positive energy
 B - an uncursed ring of protection from cold
 J - a ring of poison resistance (right hand)
 T - a +2 amulet of reflection (around neck)
 W - an uncursed amulet of regeneration
 X - an uncursed ring of protection from magic
 Z - an uncursed ring of fire
Wands
 d - a wand of clouds (7)
 o - a wand of flame (24)
 I - a wand of enslavement (22)
 O - a wand of iceblast (22)
Scrolls
 k - a scroll of fear
 m - 10 scrolls of teleportation
 t - 12 scrolls of remove curse
 u - 2 scrolls of immolation
 w - 5 scrolls of magic mapping
 x - a scroll of noise {unknown}
 A - a scroll of enchant armour {unknown}
 V - a scroll of blinking {unknown}
Potions
 h - 5 potions of agility
 i - a potion of might
 l - a potion of invisibility {unknown}
 n - a potion of ambrosia {unknown}
 v - 3 potions of magic
 z - 2 potions of resistance
 F - a potion of berserk rage {unknown}
 G - 7 potions of curing
 R - a potion of heal wounds
 U - 3 potions of flight
Comestibles
 c - 46 rations
 f - 6 chunks of flesh


   Skills:
 * Level 8.0 Fighting
 - Level 12.0 Polearms
 * Level 0.9 Throwing
 * Level 10.4 Armour
 * Level 9.1 Dodging
 - Level 1.5 Stealth
 - Level 4.0 Shields
 - Level 2.0 Unarmed Combat
 * Level 6.8 Spellcasting
 - Level 8.0 Summonings
 * Level 2.3 Necromancy
 - Level 2.0 Ice Magic
 - Level 3.0 Air Magic
 * Level 2.5 Earth Magic
 * Level 6.0 Invocations
 - Level 5.0 Evocations


You had 7 spell levels left.
You knew the following spells:

 Your Spells              Type           Power        Failure   Level  Hunger
b - Call Imp              Summ           ######..     1%          2    None
c - Call Canine Familiar  Summ           ######..     1%          3    None
j - Summon Lightning Spi  Summ/Air       #####...     9%          4    ##.....
s - Summon Ice Beast      Ice/Summ       #####...     11%         4    ##.....
E - Borgnjor's Vile Clut  Necr/Erth      ####......   65%         5    ####...

Your spell library contained the following spells:

 Spells                   Type           Power        Failure   Level  Hunger
 Summon Small Mammal      Summ           ####         1%          1    None
 Shock                    Conj/Air       ###.         4%          1    None
 Summon Guardian Golem    Hex/Summ       #####...     4%          3    None
 Swiftness                Chrm/Air       ###.....     7%          2    None
 Magic Dart               Conj           ##..         9%          1    None
 Ensorcelled Hibernation  Hex/Ice        ###...       9%          2    None
 Searing Ray              Conj           ##....       13%         2    None
 Static Discharge         Conj/Air       ###.....     14%         3    None
 Airstrike                Air            ####......   24%         4    ##.....
 Dazzling Spray           Conj/Hex       ##....       26%         3    None
 Shadow Creatures         Summ           N/A          43%         6    ######.
 Ice Form                 Ice/Tmut       ###.....     50%         4    ##.....
 Force Lance              Conj/Tloc      ##......     63%         4    ##.....
 Fulminant Prism          Conj/Hex       ##........   63%         4    ##.....
 Iskenderun's Mystic Bla  Conj           ##......     63%         4    ##.....
 Lightning Bolt           Conj/Air       ###.......   77%         5    ####...
 Silence                  Hex/Air        ###.......   77%         5    ####...
 Metabolic Englaciation   Hex/Ice        ###.......   83%         5    ####...
 Ozocubu's Refrigeration  Ice            ###.......   99%         6    ######.
 Simulacrum               Ice/Necr       ###.......   99%         6    ######.
 Bolt of Cold             Conj/Ice       ###.......   100%        6    ######.
 Darkness                 Hex            ##........   100%        6    ######.
 Freezing Cloud           Conj/Ice/Air   ###.......   100%        6    ######.


Dungeon Overview and Level Annotations

Branches:
Dungeon (13/15)            Temple (1/1) D:7            Lair (6/6) D:10
 Shoals (1/4) Lair:4        Snake (0/4) Lair:2        Slime (0/5) Lair:6
    Orc (0/2) D:11
 Vaults: D:13-14

Altars:
Ashenzari
Cheibriados
Dithmenos
Elyvilon
Fedhas
Gozag
Hepliaklqana
Kikubaaqudgha
Makhleb
Nemelex Xobeh
Okawaru
Qazlal
Ru
Sif Muna
Trog
Uskayaw
Vehumet
Wu Jian
Xom
Yredelemnul
Zin
The Shining One
Jiyva

Annotations:
D:10 1 runed translucent door, Wabnappa's ghost, novice DsGl
D:11 2 transporters, freakyemo's ghost, journeyman DEFE


Innate Abilities, Weirdness & Mutations

You reflexively headbutt those who attack you in melee.
You have a pair of horns on your head.


Message History

Aiming: Throw Flame
Press: ? - help, Shift-Dir - straight line, f/p - merfolk aquamancer
Aim: a merfolk aquamancer, wielding a +0 rapier and wearing a +0 robe (steam, almost dead)
The puff of flame hits the merfolk aquamancer.
The merfolk aquamancer is almost dead.
You are engulfed in a cloud of scalding steam.
The merfolk aquamancer is engulfed in a cloud of scalding steam.
The merfolk aquamancer gestures at you while chanting.
The shard of ice misses you.
Evoke which item? (* to show all) (? for menu, Esc to quit)
Aiming: Throw Flame
Press: ? - help, Shift-Dir - straight line, f/p - merfolk aquamancer
Aim: a merfolk aquamancer, wielding a +0 rapier and wearing a +0 robe (steam, almost dead)
The puff of flame hits the merfolk aquamancer.
You kill the merfolk aquamancer!
Cheibriados appreciates the change of pace.
You hear a splash. x2
Your Invocations skill increases to level 6!
You are engulfed in a cloud of scalding steam.
You die...

≈≈≈≈≈≈≈≈.## #PP≈.....≈≈≈≈≈≈≈
≈ ≈≈≈≈≈PP.##
#.P≈≈.#..≈≈≈≈≈≈≈ ≈≈≈≈P≈P##
##.≈≈≈.##.≈≈≈....
≈≈≈≈PPP.####..≈≈≈≈...≈≈≈....
≈≈≈≈PP≈......≈≈≈≈≈≈.≈≈≈.###.
≈≈≈≈PP≈≈≈≈≈≈≈≈.≈≈≈≈≈≈≈≈.#
≈≈≈≈≈P≈≈≈≈≈≈≈≈..§≈≈≈≈≈≈.#
≈≈≈≈≈≈≈≈≈≈≈≈≈§≈≈≈≈≈≈≈...
≈≈≈≈≈≈≈≈≈)≈≈@≈≈≈≈≈≈≈..###
≈≈≈≈≈≈≈≈≈≈≈§≈≈≈≈≈≈≈..##
≈≈≈≈≈≈≈≈≈≈§###≈≈≈≈≈≈..
≈≈≈≈≈≈≈≈≈§># ...≈≈≈
≈≈≈≈≈≈≈≈§..##(..≈≈≈≈
≈≈≈≈≈≈≈)≈.....≈≈≈≈≈≈
≈≈≈≈≈≈≈≈≈≈.....≈≈≈≈≈
≈≈≈≈≈≈≈≈≈≈≈....≈≈≈≈≈
≈≈≈≈≈≈≈≈≈≈≈≈..≈≈≈


There were no monsters in sight!

Vanquished Creatures
  5 hydras
  A catoblepas (Lair:6)
  A merfolk aquamancer (Shoals:1)
  A deep troll shaman (Lair:6)
  3 death yaks (Lair:6)
  A skeletal warrior (D:11)
  A sea snake (Shoals:1)
  2 orc knights
  A manticore (Shoals:1)
  3 cyclopes
  6 elephants (Lair:6)
  A merfolk siren (Shoals:1)
  A black mamba (Lair:3)
  A water nymph (Shoals:1)
  2 centaur zombies
  5 spiny frogs
  A gargoyle (D:11)
  A black mamba (shapeshifter) (D:11)
  2 komodo dragons
  2 trolls
  2 polar bears (Lair:6)
  8 blink frogs (Lair:6)
  2 merfolk (Shoals:1)
  A wind drake (Shoals:1)
  10 hippogriffs
  A snapping turtle (Shoals:1)
  Sigmund (D:2)
  2 spriggans
  21 yaks
  A basilisk (Lair:1)
  3 wyverns
  Eustachio (D:5)
  3 water elementals (Shoals:1)
  Menkaure (D:4)
  Edmund (D:6)
  12 porcupines
  A black bear (Lair:6)
  5 water moccasins
  A sky beast (D:10)
  5 orc warriors
  An ice beast (D:12)
  2 phantoms (D:8)
  A necrophage (D:9)
  4 ogres
  14 wolves
  An eye of draining (D:13)
  4 centaurs
  6 crocodiles
  A big kobold (D:11)
  Blork the orc (D:4)
  12 bullfrogs
  6 scorpions
  A water moccasin skeleton (D:7)
  3 wights (D:6)
  3 killer bees (D:8)
  A howler monkey (D:7)
  A crimson imp (D:5)
  A quasit (D:10)
  2 bullfrog zombies
  5 hounds
  2 centaur skeletons
  6 orc priests
  9 orc wizards
  3 bullfrog skeletons
  4 iguanas
  4 worker ants
  2 hound skeletons
  A hound zombie (D:9)
  A worker ant zombie (D:6)
  5 adders
  3 gnolls (D:6)
  2 shadow imps
  An adder skeleton (D:8)
  2 adder zombies
  3 worms
  3 dart slugs
  4 leopard geckos
  38 orcs
  4 giant cockroaches
  7 goblins
  12 hobgoblins
  A jackal (D:4)
  3 quokkas
  6 ball pythons
  9 bats
  A frilled lizard (D:3)
  A jackal skeleton (D:7)
  16 kobolds
  A leopard gecko skeleton (D:8)
  3 quokka skeletons
  11 rats
  2 fungi
363 creatures vanquished.

Vanquished Creatures (collateral kills)
  Gastronok (Lair:2)
  A merfolk impaler (Shoals:1)
  A fire dragon (Lair:5)
  Fannar (Lair:2)
  A hydra (Lair:6)
  A merfolk avatar (Shoals:1)
  A two-headed ogre (D:12)
  3 skeletal warriors (D:12)
  2 cyclopes (D:11)
  A manticore (D:11)
  A gargoyle (D:13)
  A komodo dragon (Lair:2)
  A merfolk (Shoals:1)
  3 trolls
  2 hippogriffs
  A water elemental (Shoals:1)
  2 wyverns
  A basilisk (Lair:3)
  6 yaks
  A hungry ghost (D:13)
  An acid dragon (D:12)
  4 porcupines
  3 orc warriors
  An eye of draining (D:10)
  A necrophage (D:9)
  13 wolves
  4 ogres
  A centaur (D:11)
  4 crocodiles
  7 bullfrogs
  A wyvern zombie (D:10)
  2 wyvern skeletons
  A scorpion (D:11)
  2 howler monkeys (D:13)
  A crimson imp (D:5)
  A bullfrog zombie (D:9)
  A hound (Lair:1)
  2 orc priests (D:7)
  2 iguanas
  2 worker ants
  2 orc wizards
  An adder (D:2)
  7 orcs
  2 goblins (D:2)
  A quokka (D:11)
  A frilled lizard (D:3)
  4 kobolds
  A rat (D:1)
  A plant (Lair:6)
106 creatures vanquished.

Vanquished Creatures (others)
  A manticore (Lair:6)
  42 fungi
  11 plants
54 creatures vanquished.

Grand Total: 523 creatures vanquished

Notes
Turn   | Place    | Note
-------+----------+-------------------------------------------
     0 | D:1      | MordorOrchid the Minotaur Summoner began the quest for the
                  | Orb.
     0 | D:1      | Reached XP level 1. HP: 14/14 MP: 1/1
   212 | D:1      | Reached XP level 2. HP: 21/22 MP: 0/3
   216 | D:1      | Learned a level 2 spell: Call Imp
   239 | D:1      | Reached skill level 1 in Fighting
   362 | D:1      | Reached skill level 1 in Armour
   423 | D:1      | Reached skill level 1 in Unarmed Combat
   730 | D:2      | Reached XP level 3. HP: 24/28 MP: 0/4
   849 | D:2      | Found a sparkling altar of Nemelex Xobeh.
   914 | D:2      | Got a warped spear
   915 | D:2      | Identified the +4 spear "Jeshev" {drain, *Contam rC+ rN+
                  | MR+} (You found it on level 2 of the Dungeon)
  1261 | D:2      | Reached XP level 4. HP: 34/36 MP: 5/5
  1363 | D:2      | Noticed Sigmund
  1373 | D:2      | Killed Sigmund
  1373 | D:2      | Reached skill level 2 in Polearms
  1373 | D:2      | Reached XP level 5. HP: 44/44 MP: 6/6
  1625 | D:2      | Learned a level 3 spell: Call Canine Familiar
  1727 | D:3      | Found a shadowy altar of Dithmenos.
  2162 | D:3      | Reached XP level 6. HP: 50/51 MP: 7/7
  2296 | D:4      | Noticed Menkaure
  2307 | D:4      | Killed Menkaure
  2307 | D:4      | Reached skill level 3 in Polearms
  2468 | D:4      | Noticed Blork the orc
  2474 | D:4      | Killed Blork the orc
  2506 | D:4      | Reached XP level 7. HP: 52/57 MP: 8/8
  2617 | D:4      | Reached skill level 4 in Polearms
  2876 | D:5      | Entered Level 5 of the Dungeon
  2979 | D:5      | Reached skill level 5 in Polearms
  3141 | D:5      | Got a steaming rapier
  3257 | D:5      | Identified the +8 rapier of Locsuawa {freeze, rPois rC++
                  | Str-4 Dex+4} (You found it on level 5 of the Dungeon)
  3453 | D:5      | Noticed Eustachio
  3468 | D:5      | Killed Eustachio
  3468 | D:5      | Reached XP level 8. HP: 66/66 MP: 4/10
  3740 | D:6      | Found a hazy altar of Hepliaklqana.
  3928 | D:6      | Reached skill level 5 in Armour
  3929 | D:6      | Noticed Edmund
  3962 | D:6      | Killed Edmund
  4011 | D:6      | Reached skill level 6 in Polearms
  4016 | D:6      | Reached skill level 1 in Evocations
  4231 | D:6      | Learned a level 4 spell: Summon Lightning Spire
  4569 | D:7      | Reached skill level 5 in Dodging
  4655 | D:7      | Found a staircase to the Ecumenical Temple.
  4675 | D:7      | Reached XP level 9. HP: 64/72 MP: 9/13
  4714 | Temple   | Entered the Ecumenical Temple
  5363 | D:8      | Found a blossoming altar of Fedhas.
  5404 | D:8      | Reached skill level 1 in Shields
  5429 | D:8      | Found a snail-covered altar of Cheibriados.
  5438 | D:8      | Became a worshipper of Cheibriados the Contemplative
  5467 | D:8      | Reached skill level 1 in Air Magic
  5486 | D:8      | Reached skill level 5 in Fighting
  5547 | D:8      | Reached skill level 7 in Polearms
  5663 | D:8      | Found a sacrificial altar of Ru.
  6164 | D:8      | Reached skill level 5 in Summonings
  6343 | D:9      | Reached * piety under Cheibriados
  6587 | D:9      | Noticed a six-headed hydra
  6712 | D:9      | Found a glowing golden altar of the Shining One.
  6798 | D:9      | Reached ** piety under Cheibriados
  6892 | D:9      | Found Puadghiat's Distillery.
  6954 | D:9      | Killed a six-headed hydra
  6954 | D:9      | Reached XP level 10. HP: 43/81 MP: 9/15
  7077 | D:10     | Entered Level 10 of the Dungeon
  7286 | D:10     | Found a runed translucent door.
  7291 | D:10     | Noticed Wabnappa's ghost (novice DsGl)
  7305 | D:10     | Reached skill level 8 in Polearms
  7535 | D:10     | Noticed a cyclops
  7547 | D:10     | Killed a cyclops
  7547 | D:10     | Reached skill level 1 in Invocations
  7621 | D:10     | Found a staircase to the Lair.
  7640 | D:10     | Reached skill level 5 in Spellcasting
  7673 | D:10     | Reached *** piety under Cheibriados
  7830 | D:11     | Noticed freakyemo's ghost (journeyman DEFE)
  7834 | D:11     | Found a transporter.
  7865 | D:11     | Reached skill level 9 in Polearms
  7900 | D:11     | Found a staircase to the Orcish Mines.
  7993 | D:11     | Reached XP level 11. HP: 71/86 MP: 12/17
  8018 | D:11     | Reached **** piety under Cheibriados
  8123 | D:11     | Noticed a harpy
  8127 | D:11     | a harpy changed into a black mamba
  8215 | D:11     | Found a transporter.
  8245 | D:11     | Noticed a skeletal warrior
  8259 | D:11     | Killed a skeletal warrior
  8354 | D:11     | Noticed an orc knight
  8362 | D:11     | Killed an orc knight
  8545 | D:12     | Learned a level 4 spell: Summon Ice Beast
  8703 | D:12     | Noticed a two-headed ogre
  8714 | D:12     | Killed a two-headed ogre
  8714 | D:12     | Reached skill level 10 in Polearms
  8898 | D:12     | Noticed a skeletal warrior
  8898 | D:12     | Noticed a skeletal warrior
  8909 | D:12     | Killed a skeletal warrior
  8915 | D:12     | Killed a skeletal warrior
  8915 | D:12     | Reached skill level 1 in Ice Magic
  8916 | D:12     | Noticed a skeletal warrior
  8930 | D:12     | Killed a skeletal warrior
  9348 | D:13     | Noticed an orc knight
  9379 | D:13     | Killed an orc knight
  9392 | D:13     | Reached ***** piety under Cheibriados
  9507 | D:13     | Reached XP level 12. HP: 82/94 MP: 16/20
  9636 | D:13     | Found an opulent altar of Gozag.
 10077 | Lair:1   | Entered Level 1 of the Lair of Beasts
 10924 | Lair:2   | Noticed Fannar
 10950 | Lair:2   | Killed Fannar
 10972 | Lair:2   | Found a staircase to the Snake Pit.
 11147 | Lair:2   | Noticed Gastronok
 11158 | Lair:2   | Killed Gastronok
 11366 | Lair:3   | Reached skill level 11 in Polearms
 11381 | Lair:3   | Reached skill level 5 in Evocations
 11425 | Lair:3   | Found an ancient bone altar of Kikubaaqudgha.
 11588 | Lair:3   | Reached ****** piety under Cheibriados
 12133 | Lair:4   | Noticed a five-headed hydra
 12141 | Lair:4   | Killed a five-headed hydra
 12149 | Lair:4   | Found a staircase to the Shoals.
 12678 | Lair:5   | Noticed a fire dragon
 12690 | Lair:5   | Killed a fire dragon
 12690 | Lair:5   | Reached skill level 5 in Invocations
 13036 | Lair:5   | Learned a level 5 spell: Borgnjor's Vile Clutch
 13043 | Lair:6   | Entered Level 6 of the Lair of Beasts
 13083 | Lair:6   | Reached XP level 13. HP: 67/104 MP: 16/21
 13140 | Lair:6   | Reached skill level 1 in Earth Magic
 13145 | Lair:6   | Reached skill level 1 in Necromancy
 13188 | Lair:6   | Reached skill level 10 in Armour
 13201 | Lair:6   | Reached skill level 12 in Polearms
 13551 | Lair:6   | Found a staircase to the Slime Pits.
 13551 | Lair:6   | Found a viscous altar of Jiyva.
 13760 | Shoals:1 | Entered Level 1 of the Shoals
 13915 | Shoals:1 | Noticed a merfolk impaler
 13930 | Shoals:1 | Killed a merfolk impaler
 14071 | Shoals:1 | HP: 3/107 [merfolk aquamancer/torrent of water (33)]
 14073 | Shoals:1 | Engulfed by a cloud of steam

Skill      XL: |  1  2  3  4  5  6  7  8  9 10 11 12 13 |
---------------+----------------------------------------+-----
Fighting       | 1 2 3 4 5 6 8 |  8.0
Armour         | 1 3 4 5 6 7 9 10 | 10.4
Unarmed Combat | 1 2 |  2.0
Polearms       | 2 3 5 6 7 9 10 11 12 | 12.0
Dodging        | 3 4 5 6 7 8 9 |  9.1
Summonings     | 3 4 5 6 8 |  8.0
Spellcasting   | 2 3 4 5 6 |  6.8
Evocations     | 1 2 3 4 5 |  5.0
Shields        | 2 4 |  4.0
Air Magic      | 1 2 3 |  3.0
Invocations    | 1 3 5 6 |  6.0
Ice Magic      | 1 2 |  2.0
Earth Magic    | 2 |  2.5
Necromancy     | 2 |  2.3
Throwing       | |  0.9
Stealth        | |  1.5

Action                   |  1- 3 |  4- 6 |  7- 9 | 10-12 | 13-15 || total
-------------------------+-------+-------+-------+-------+-------++-------
Melee: Unarmed           |    78 |       |       |       |       ||    78
       Headbutt          |    13 |     4 |    47 |   174 |    46 ||   284
       Spear             |    25 |    82 |   441 |   629 |   169 ||  1346
       Punch             |       |       |     1 |       |       ||     1
Throw: Tomahawk          |       |       |       |     4 |     4 ||     8
 Cast: Summon Small Mamm |    14 |       |       |       |       ||    14
       Call Imp          |     6 |    12 |    91 |    41 |     2 ||   152
       Call Canine Famil |       |       |     3 |    68 |     7 ||    78
       Summon Lightning  |       |       |       |    23 |     8 ||    31
       Summon Ice Beast  |       |       |       |    38 |    15 ||    53
Invok: Bend Time         |       |       |       |     2 |     2 ||     4
 Abil: Evoke Berserk Rag |       |     2 |     1 |       |       ||     3
Evoke: Wand              |       |       |     7 |    11 |    17 ||    35
  Use: Scroll            |       |     6 |     6 |    15 |     3 ||    30
       Potion            |       |     1 |       |     1 |     2 ||     4
 Stab: Distracted        |       |       |     3 |    14 |     2 ||    19
       Sleeping          |       |       |     1 |     4 |       ||     5
  Eat: Chunk             |     3 |     6 |    17 |    16 |     4 ||    46
       Ration            |       |       |     1 |       |       ||     1
Armor: Ring mail         |    29 |     8 |    80 |    69 |       ||   186
       Robe              |     1 |       |       |       |       ||     1
       Skin              |       |     5 |       |       |       ||     5
       Scale mail        |       |       |       |    17 |    25 ||    42
Dodge: Dodged            |    55 |    25 |   130 |   221 |    86 ||   517
Block: Buckler           |       |       |    19 |    94 |    27 ||   140
       Reflection        |       |       |       |       |     1 ||     1
